 Dungeon Sprint DCSS version 0.30.1-6-gbe392663c4 (webtiles) character file.

Game seed: 12446393514155696205

254 Heoruswealwe the Slasher (level 5, -5/35 HPs)
             Began as a Deep Elf Hunter on Sept 20, 2023.
             Was an Initiate of Okawaru.
             Slain by a vampire (13 damage)
             ... in the Dungeon (Sprint IX: "|||||||||||||||||||||||||||||").
             The game lasted 00:05:25 (320 turns).

Heoruswealwe the Slasher (Deep Elf Hunter)           Turns: 320, Time: 00:05:25

Health: -5/35      AC:  5    Str: 11    XL:     5   Next: 91%
Magic:  7/7        EV: 16    Int: 14    God:    Okawaru [......]
Gold:   0          SH:  0    Dex: 20    Spells: 4/4 levels left

rFire   . . .        a - +2 scimitar (flame)
rCold   . . .        (no shield)
rNeg    . . .        c - +0 leather armour
rPois   .            (no helmet)
rElec   .            (no cloak)
rCorr   .            f - +0 pair of gloves
SInv    .            e - +0 pair of boots
Will    .....        (no amulet)
Stlth   ++           k - +3 ring of strength
HPRegen 0.25/turn    (no ring)
MPRegen 0.10/turn

%: no teleportation
@: invisible
A: no striking features
a: Renounce Religion


You were in the Dungeon.
You worshipped Okawaru.
Okawaru was noncommittal.
You visited 1 branch

Inventory:

Hand Weapons
 a - a +2 scimitar of flaming (weapon)
Armour
 c - a +0 leather armour (worn)
 e - a +0 pair of boots (worn)
 f - a +0 pair of gloves (worn)
Jewellery
 k - a +3 ring of strength (left hand)
Wands
 j - a wand of roots (10)
Scrolls
 i - a scroll of blinking
 m - 2 scrolls of amnesia
Potions
 g - 4 potions of magic
 h - a potion of berserk rage
 l - 3 potions of curing


   Skills:
 + Level 5.3 Fighting
 * Level 7.9 Long Blades
 - Level 5.3 Ranged Weapons
 + Level 7.7 Dodging
 - Level 1.2 Stealth


You had 4 spell levels left.
You didn't know any spells.
Your spell library was empty.

Dungeon Overview and Level Annotations

Branches:
Dungeon (1/1)

Altars:
Cheibriados
Dithmenos
Elyvilon
Fedhas
Gozag
Hepliaklqana
Kikubaaqudgha
Makhleb
Nemelex Xobeh
Okawaru
Qazlal
Ru
Sif Muna
Trog
Uskayaw
Vehumet
Wu Jian
Xom
Yredelemnul
Zin
The Shining One
Jiyva
Lugonu


Message History

The yak bellows!
You slash the yak! You burn the yak.
You kill the yak!
Okawaru is honoured by your kill.
The shadow slips into darkness.
The shadow flickers and vanishes!
Deactivating autopickup; reactivate with Ctrl-A.
Your Fighting skill increases to level 5!
Your Long Blades skill gained 2 levels and is now at level 7!
Your Dodging skill increases to level 7!
You have reached level 5!
You hit the vampire. You burn the vampire.
The vampire is lightly damaged.
The vampire mumbles some strange words.
The vampire flickers and vanishes!
You hit something. You burn something. Something hits you! Something bites you.
Something draws strength from your injuries!
You hit something but do no damage. Something hits you. Something bites you!
* * * LOW HITPOINT WARNING * * *
Something draws strength from your injuries!
You closely miss something. Something barely misses you. Something bites you.
* * * LOW HITPOINT WARNING * * *
Something draws strength from your injuries!
You feel much better. Something hits you. Something bites you!
* * * LOW HITPOINT WARNING * * *
Something draws strength from your injuries!
You feel much better. Something barely misses you. Something bites you!
Something draws strength from your injuries!
The killer bee buzzes angrily.
The yak bellows!
You hit something. You burn something. Something barely misses you.
Something bites you but does no damage.
You hit something but do no damage. Something hits you. Something bites you!
Something draws strength from your injuries!
You slash something! You burn something. Something hits you!
* * * LOW HITPOINT WARNING * * *
Something bites you!
* * * LOW HITPOINT WARNING * * *
Something draws strength from your injuries!
You feel better. Something barely misses you. Something bites you!
You die... ▓▓▓▓▓▓▓▓▓▓▓▓▓▓▓▓▓▓▓▓▓▓▓▓ +.yYz{{@=.[...)..'______ ▓▓▓▓▓▓▓▓▓▓▓▓▓▓▓▓▓▓▓▓▓▓▓▓

You could see a yak (wandering, unable to see you), a killer bee (wandering, unable to see you) and a wight (unable to see you).

Vanquished Creatures
  A yak (D)
  A scorpion (D)
  An iguana (D)
  2 adders (D)
  A white imp (D)
  2 endoplasms (D)
  A goblin (D)
  A frilled lizard (D)
  A rat (D)
11 creatures vanquished.

Notes
Turn   | Place    | Note
-------+----------+-------------------------------------------
     0 | D        | Heoruswealwe the Deep Elf Hunter began the quest for the
                  | Orb.
     0 | D        | Reached XP level 1. HP: 12/12 MP: 3/3
     5 | D        | Reached skill level 1 in Long Blades
    54 | D        | Noticed a scorpion
    54 | D        | Noticed an iguana
    58 | D        | Reached XP level 2. HP: 9/18 MP: 4/4
    68 | D        | Reached XP level 3. HP: 2/23 MP: 5/5
    68 | D        | Killed a scorpion
    69 | D        | Reached skill level 5 in Long Blades
    69 | D        | Reached XP level 4. HP: 3/29 MP: 6/6
   205 | D        | Found a snail-covered altar of Cheibriados.
   205 | D        | Found a shadowy altar of Dithmenos.
   205 | D        | Found a white marble altar of Elyvilon.
   205 | D        | Found a blossoming altar of Fedhas.
   205 | D        | Found an opulent altar of Gozag.
   206 | D        | Found a hazy altar of Hepliaklqana.
   207 | D        | Found a viscous altar of Jiyva.
   208 | D        | Found an ancient bone altar of Kikubaaqudgha.
   209 | D        | Found a corrupted altar of Lugonu.
   210 | D        | Found a burning altar of Makhleb.
   211 | D        | Found a sparkling altar of Nemelex Xobeh.
   212 | D        | Found an iron altar of Okawaru.
   213 | D        | Found a stormy altar of Qazlal.
   214 | D        | Found a sacrificial altar of Ru.
   215 | D        | Found a shimmering blue altar of Sif Muna.
   216 | D        | Found a bloodstained altar of Trog.
   217 | D        | Found a hide-covered altar of Uskayaw.
   218 | D        | Found a radiant altar of Vehumet.
   219 | D        | Found an ornate altar of the Wu Jian Council.
   220 | D        | Found a shimmering altar of Xom.
   221 | D        | Found a basalt altar of Yredelemnul.
   222 | D        | Found a glowing silver altar of Zin.
   223 | D        | Found a glowing golden altar of the Shining One.
   236 | D        | Became a worshipper of Warmaster Okawaru
   306 | D        | Noticed a yak
   306 | D        | Noticed a shadow
   306 | D        | Noticed a vampire
   306 | D        | Noticed a yak
   310 | D        | Killed a yak
   311 | D        | Reached skill level 5 in Fighting
   311 | D        | Reached XP level 5. HP: 35/35 MP: 7/7
   319 | D        | HP: 1/35 [something (9)]
   320 | D        | Slain by a vampire

Illustrated notes

Levels and vault maps discovered:
D:        linesprint [early_d, line_temple, items_1, d_10, items_2, lair_1,
          lair_end, items_3, orc_1, orc_end, items_4, d_15, swamp_1, shoals_1,
          snake_1, spider_1, d_20, vaults_1, items_5, swamp_end, shoals_end,
          snake_end, spider_end, vaults_end, d_27, items_6, zot_1, zot_end,
          crypt_end, forest_end, elf_end, slime_end, tomb_end, abyss_end,
          pan_hell_end]

Skill      XL: |  1  2  3  4 |
---------------+-------------+-----
Long Blades    | 2 4 5 7 |  7.9
Fighting       | 2 3 4 5 |  5.3
Dodging        | 3 4 6 7 |  7.7
Ranged Weapons | |  5.3
Stealth        | |  1.2

Action                     |  1- 3 |  4- 6 || total
---------------------------+-------+-------++-------
  Melee: Scimitar          |       |     9 ||     9
   Fire: Shortbow          |    17 |       ||    17
    Use: Potion            |     3 |     4 ||     7
         Scroll            |     2 |       ||     2
   Stab: Sleeping          |       |     1 ||     1
 Armour: Leather armour    |       |     1 ||     1
  Dodge: Dodged            |     5 |     5 ||    10
